AoeStats
← 貓妖

Arena

508884805Analyzed
4v4 RM · 9d ago on Sep 24, 2026· 39m 27s· 8 players
Game mode
Random Map
Map size
Large (8 player)
Population
200
Speed
Normal
Resources
Standard
Victory
Conquest
Starting age
Dark Age
Ending age
Imperial Age
RankedLock teamsTeams togetherTeam positionsShared explorationLock speedFull tech treeHidden civsTurbo modeCheats
Victory
Defeat
🇹🇼 Saxons · Taiwan
1481
+8
🇹🇼 Varangians · Taiwan
1330
+14
🇹🇼 Turks · Taiwan
1273
+16
🇹🇼 Persians · Taiwan
1124
+23
🇳🇴 Gurjaras · Norway
1301
-19
🇹🇼 Ethiopians · Taiwan
1279
-15
🇳🇱 Bohemians · Netherlands
1278
-15
🇹🇼 Saxons · Taiwan
1276
-15
迷途之子長崎爽世
4:59 Loom
10:44 Feudal Age
12:47 Double-Bit Axe
15:22 Castle Age
20:01 Wheelbarrow
19:24 Double-Bit Axe
24:25 Horse Collar
26:02 Heavy Plow
26:38 Bow Saw
32:11 Imperial Age
30:10 Forging
30:06 Town Watch
30:53 Scale Barding Armor
30:49 Scale Mail Armor
31:28 Iron Casting
30:53 Scale Mail Armor
31:36 Iron Casting
31:04 Squires
30:50 Arson
31:27 Gold Mining
33:07 Siege Engineers
33:25 Ballistics
36:55 Chain Mail Armor
Rene
10:11 Feudal Age
12:04 Double-Bit Axe
14:25 Castle Age
13:03 Horse Collar
15:24 Bow Saw
16:31 Heavy Plow
22:18 Wheelbarrow
23:26 Hand Cart
27:55 Imperial Age
27:43 Chemistry
26:44 Scale Mail Armor
26:54 Forging
26:35 Fletching
26:45 Padded Archer Armor
26:28 Pikeman
27:33 Squires
28:11 Arson
28:46 Chain Mail Armor
29:06 Iron Casting
28:07 Halberdier
28:58 Siege Engineers
29:20 Loom
29:20 Town Watch
30:28 Leather Archer Armor
30:43 Plate Mail Armor
31:29 Two-Man Saw
31:06 Town Patrol
33:58 Blast Furnace
33:29 Ring Archer Armor
32:22 Elite Skirmisher
34:14 Conscription
33:59 Wagenburg Tactics
36:01 Houfnice
68621
10:25 Feudal Age
14:39 Castle Age
12:39 Double-Bit Axe
12:51 Horse Collar
15:21 Loom
16:12 Wheelbarrow
16:42 Bow Saw
20:22 Town Watch
25:17 Imperial Age
23:01 Gold Mining
24:08 Stone Mining
27:25 Chemistry
33:57 Squires
35:32 Conscription
35:22 Scale Mail Armor
38:21 Chain Mail Armor
38:16 Forging
38:40 Halberdier
Godlys
9:52 Feudal Age
10:10 Loom
11:41 Horse Collar
14:06 Castle Age
12:32 Double-Bit Axe
15:37 Bow Saw
20:47 Stone Mining
21:27 Gold Mining
22:52 Wheelbarrow
22:22 Heavy Plow
32:58 Imperial Age
30:47 Fletching
30:58 Padded Archer Armor
31:23 Bodkin Arrow
32:25 Kshatriyas
32:42 Bloodlines
32:33 Husbandry
32:43 Scale Barding Armor
32:48 Forging
32:43 Scale Barding Armor
32:48 Forging
33:14 Heavy Camel Rider
34:16 Chain Barding Armor
36:12 Plate Barding Armor
36:12 Iron Casting
36:13 Plate Barding Armor
36:13 Iron Casting
戳中之霸 DY能兒
10:41 Feudal Age
15:28 Castle Age
13:56 Double-Bit Axe
17:43 Horse Collar
20:26 Wheelbarrow
21:00 Loom
22:45 Bow Saw
22:37 Heavy Plow
22:30 Gold Mining
23:52 Hand Cart
27:27 Ballistics
29:49 Imperial Age
28:42 Scale Barding Armor
28:29 Fletching
30:03 Bloodlines
29:54 Husbandry
31:39 Gold Shaft Mining
31:47 Conscription
32:45 Parthian Tactics
32:55 Chain Barding Armor
33:21 Sipahi
33:41 Heavy Cavalry Archer
34:37 Forging
36:01 Bodkin Arrow
36:40 Thumb Ring
39:25 Two-Man Saw
39:12 Padded Archer Armor
貓妖
9:55 Feudal Age
13:52 Castle Age
12:26 Double-Bit Axe
12:24 Horse Collar
22:58 Loom
24:25 Town Watch
25:10 Bow Saw
25:46 Wheelbarrow
26:45 Heavy Plow
31:42 Imperial Age
29:47 Masonry
30:28 Gold Mining
33:14 Scale Barding Armor
33:20 Forging
34:58 Chain Barding Armor
35:37 Architecture
34:43 Cavalier
36:42 Bloodlines
36:33 Husbandry
37:11 Plate Barding Armor
38:54 Hand Cart
39:09 Stone Mining
39:55 Gold Shaft Mining
38:55 Light Cavalry
高德納
10:22 Feudal Age
14:12 Castle Age
12:02 Double-Bit Axe
12:45 Horse Collar
13:08 Loom
15:38 Bow Saw
18:31 Scale Mail Armor
23:07 Chain Mail Armor
23:59 Heavy Plow
25:43 Wheelbarrow
27:37 Gold Mining
31:46 Imperial Age
30:01 Hand Cart
29:46 Fletching
30:34 Bodkin Arrow
30:40 Crossbowman
31:31 Town Watch
32:42 Ballistics
33:06 Bracer
33:39 Thumb Ring
35:37 Chemistry
34:58 Forging
35:41 Padded Archer Armor
35:03 Arbalester
37:18 Leather Archer Armor
37:34 Squires
38:07 Plate Mail Armor
烏雲中
11:01 Feudal Age
12:03 Loom
15:10 Castle Age
13:07 Double-Bit Axe
13:40 Horse Collar
16:20 Bow Saw
16:48 Wheelbarrow
22:32 Gold Mining
27:16 Hand Cart
27:15 Scale Barding Armor
27:20 Forging
30:58 Imperial Age
29:59 Bloodlines
29:49 Husbandry
30:11 Heavy Plow
30:34 Chain Barding Armor
30:50 Iron Casting
31:17 Fletching
31:40 Cavalier
32:58 Plate Barding Armor
33:16 Siege Engineers
32:55 Treadmill Crane
34:35 Blast Furnace
33:11 Vendel Legacy
34:37 Bodkin Arrow
35:07 Ballistics
35:49 Chemistry
36:27 Bracer
37:55 Conscription
40:11 Two-Man Saw
39:43 Crop Rotation
Connection lost

Rejoining the realm…

Still unreachable

The connection could not be restored.

Session expired

The server has moved on; the page needs a fresh start.